 Dungeon Crawl Stone Soup version 0.31-a0-868-g674d60d6f7 (webtiles) character file.

Game seed: 13545574498147799907

29 retardedninja the Firebug (level 3, -4/20 HPs)
             Began as a Gargoyle Fire Elementalist on Oct 11, 2023.
             Slain by a worm (8 damage)
             ... on level 2 of the Dungeon.
             The game lasted 00:01:46 (1662 turns).

retardedninja the Firebug (GrFE)                    Turns: 1662, Time: 00:01:46

Health: -4/20      AC:  5    Str: 11    XL:     3   Next: 16%
Magic:  12/15      EV: 11    Int: 17    God:
Gold:   31         SH:  0    Dex: 10    Spells: 5/6 levels left

rFire   . . .        k - +0 mace
rCold   . . .        (no shield)
rNeg    + . .        a - +0 robe
rPois   ∞            (no helmet)
rElec   +            (no cloak)
rCorr   .            (no gloves)
SInv    .            (no boots)
Will    .....        (no amulet)
Stlth   ++           m - ring of magical power
HPRegen 0.23/turn    (no ring)
MPRegen 0.14/turn

%: no passive effects
@: very slightly contaminated
A: sickness immunity, AC +3, negative energy resistance 1, electricity
resistance, torment resistance 1, petrification resistance
a: no special abilities


You were on level 2 of the Dungeon.
You visited 1 branch of the dungeon, and saw 2 of its levels.

You collected 31 gold pieces.

Inventory:

Hand Weapons
 k - a +0 mace (weapon)
Armour
 a - a +0 robe (worn)
Jewellery
 m - a ring of magical power (left hand)
Scrolls
 d - a scroll of amnesia {unknown}
 f - a scroll of blinking {unknown}
 i - a scroll of identify {unknown}
 n - a scroll of fear {unknown}
Potions
 b - a potion of magic
 c - 2 potions of curing {unknown}
 e - 2 potions of brilliance {unknown}
 g - 2 potions of might {unknown}
 h - a potion of attraction {unknown}
 j - a potion of resistance {unknown}
 l - a potion of lignification {unknown}


   Skills:
 + Level 1.0 Fighting
 - Level 1.5 Dodging
 - Level 2.1 Stealth
 + Level 2.3 Spellcasting
 + Level 1.7 Conjurations
 + Level 3.2 Fire Magic
 + Level 0.7 Air Magic


You had 5 spell levels left.
You knew the following spells:

 Your Spells              Type           Power      Damage    Failure   Level
a - Foxfire               Conj/Fire      40%        2x1d6     7%          1

Your spell library contained the following spells:

 Spells                   Type           Power      Damage    Failure   Level
 Scorch                   Fire           26%        2d6       8%          2
 Inner Flame              Hex/Fire       7%         N/A       28%         3
 Volatile Blastmotes      Fire/Tloc      14%        2d11      28%         3
 Flame Wave               Conj/Fire      10%        2d6       56%         4


Dungeon Overview and Level Annotations

Branches:
Dungeon (2/15)

Altars:


Innate Abilities, Weirdness & Mutations

You are immune to sickness and miasma.
Your stone body is resilient. (AC +3)
You are immune to poison.
You resist negative energy. (rN+)
You are resistant to electric shocks. (rElec)
You are resistant to unholy torment.
You are immune to petrification.


Message History

Done exploring.
Done exploring.
Done exploring.
There is a stone staircase leading down here.
You climb downwards.
Found a dented cabochon amulet, 2 stones, a runed silver amulet and a robe.
There is a stone staircase leading up here.
There are monsters nearby!
You conjure some foxfire!
The kobold shouts!
The foxfire hits the worm.
The worm is lightly wounded.
The foxfire hits the worm.
The worm is lightly wounded.
You conjure some foxfire!
The foxfire hits the worm.
The worm is moderately wounded.
The foxfire hits the worm.
The worm is moderately wounded.
The worm closely misses you. The kobold barely misses you.
You conjure some foxfire!
The worm completely misses you. The kobold hits you with a +0 whip.
The foxfire hits the worm but does no damage.
The worm is moderately wounded.
The foxfire hits the kobold.
The kobold is moderately wounded.
The kobold closely misses you.
You miscast Foxfire.
You are very lightly contaminated with residual magic.
Nothing appears to happen.
The worm barely misses you. The kobold hits you with a +0 whip.
The kobold closely misses you.
You are too injured to fight recklessly!
The worm bites you!
Ouch! That really hurt!
* * * LOW HITPOINT WARNING * * *
The kobold misses you.
You are too injured to fight recklessly!
The worm bites you!
You die...

#
##########.##
#.(.........#
#....."@....#
#......wK...#
#.".........#
#..........[#
#...........#
#############


You could see a worm and a kobold.

Vanquished Creatures
  A dart slug (D:1)
  A bat (D:1)
  3 endoplasms (D:1)
  2 giant cockroaches (D:1)
  2 goblins (D:1)
  2 hobgoblins (D:1)
  3 jackals (D:1)
  2 quokkas (D:1)
  A ball python (D:1)
  A frilled lizard (D:1)
  3 kobolds (D:1)
  2 rats (D:1)
23 creatures vanquished.

Vanquished Creatures (collateral kills)
  A foxfire (D:1)
1 creature vanquished.

Vanquished Creatures (others)
  104 foxfires
104 creatures vanquished.

Grand Total: 128 creatures vanquished

Notes
Turn   | Place    | Note
-------+----------+-------------------------------------------
     0 | D:1      | retardedninja the Gargoyle Fire Elementalist began the
                  | quest for the Orb.
     0 | D:1      | Reached XP level 1. HP: 10/10 MP: 3/3
   372 | D:1      | Reached XP level 2. HP: 16/16 MP: 1/5
  1001 | D:1      | Reached skill level 1 in Fighting
  1126 | D:1      | Reached XP level 3. HP: 20/20 MP: 0/6
  1662 | D:2      | Slain by a worm

Illustrated notes

Levels and vault maps discovered:
D:1:      wander_arrival_fairy_ring, layout_loops_ring, serial_forest,
          infiniplex_forest_lined_room_3, infiniplex_forest_clump_diagonal,
          infiniplex_forest_lined_3, infiniplex_forest_lined_corner,
          infiniplex_forest_clump_curved, infiniplex_forest_clump_C,
          infiniplex_forest_straight_1, infiniplex_forest_clump_tiny,
          infiniplex_forest_zigzag_1, minmay_split_cup_large
D:2:      layout_basic, minmay_unequal, uniq_jessica, uniq_natasha, uniq_terence

Skill      XL: |  1  2 |
---------------+-------+-----
Fighting       | 1 |  1.0
Dodging        | |  1.5
Stealth        | |  2.1
Spellcasting   | |  2.3
Conjurations   | |  1.7
Fire Magic     | |  3.2
Air Magic      | |  0.7

Action                     || total
---------------------------++-------
  Melee: Mace              ||     4
         Unarmed           ||     3
   Cast: Foxfire           ||    69
 Armour: Robe              ||    36
  Dodge: Dodged            ||    47

Table legend: (Time is in decaauts)
 A = Elapsed time spent in this place.
 B = Non-inter-level travel time spent in this place.
 C = Inter-level travel time spent in this place.
 D = Time resting spent in this place.
 E = Time spent auto-exploring this place.
 F = Levels seen in this place.
 G = Mean time per level.
                   A        B        C        D        E       F      G
               +--------+--------+--------+--------+--------+-----+--------+
         Total |   1662 |   1630 |     32 |      0 |   1383 |   2 |  831.0 |
       Dungeon |   1662 |   1630 |     32 |      0 |   1383 |   2 |  831.0 |
               +--------+--------+--------+--------+--------+-----+--------+

Top non-repeatable levels by time:
     D:1: 1652 daAuts
     D:2: 9 daAuts
